 Dungeon Crawl Stone Soup version 0.28.0-53-g5a82cb258f (webtiles) character file.

Game seed: 17602767712054531471

8246 Sin92 the Skirmisher (level 11, -7/79 HPs)
             Began as a Djinni Fighter on June 30, 2022.
             Was an Initiate of Yredelemnul.
             Mangled by an orc knight
             ... wielding a +0 war axe
              (12 damage)
             ... in a bailey.
             The game lasted 00:25:12 (11562 turns).

Sin92 the Skirmisher (Djinni Fighter)              Turns: 11562, Time: 00:25:13

Health: -7/79      AC: 17    Str: 25    XL:     11   Next: 52%
Gold:   1274       EV: 13    Int: 10    God:    Yredelemnul [......] SH:  6 Dex: 19

rFire   + + .      SeeInvis .   a - +0 war axe (flame)
rCold   . . .      Faith    .   c - +0 buckler
rNeg    . . .      Spirit   .   p - +6 scale mail of the Eagle {rC+}
rPois   ∞          Reflect  .   (no helmet)
rElec   .          Harm     .   k - +2 cloak
rCorr   .          Rampage  .   (no gloves)
Will    +....                   (boots unavailable)
Stlth   ..........              (no amulet)
HPRegen 0.23/turn               n - +6 ring of dexterity
MPRegen 0.00/turn               l - +6 ring of strength

@: flying
A: sickness immunity, fire resistance 2, cold vulnerability 1, float, innate
caster, HP casting, extra vitality 1
a: Renounce Religion, Recall Undead Harvest


You were in a bailey.
You worshipped Yredelemnul.
Yredelemnul was noncommittal.
You visited 1 branch of the dungeon, and saw 10 of its levels.
You also visited: Bailey.

You collected 1274 gold pieces.

Inventory:

Hand Weapons
 a - a +0 war axe of flaming (weapon)
 d - the +8 Wrath of Trog {antimagic, *Rage Rampage}
   (You took it off an orc priest on level 9 of the Dungeon)

   It reduces the magical energy of the wielder, and disrupts the spells and
   magical abilities of those it strikes.
   Natural abilities and divine invocations are not affected.
   It causes slowness and exhaustion when equipped.
   It extends the wielder's berserk rage when killing foes.
   *Rage:     It berserks you when you make melee attacks (+50% chance).
   Rampage:   It bestows one free step when moving towards enemies.
 t - a +2 hand axe of electrocution
 u - the +9 hand crossbow of the Real Monster {penet, rPois Will- Str+2 Dex+3}
   (You found it on level 4 of the Dungeon)

   Any ammunition fired by it passes through the targets it hits, potentially
   hitting all targets in its path until it reaches maximum range.
   Str:       It affects your strength (+2).
   Dex:       It affects your dexterity (+3).
   rPois:     It protects you from poison.
   Will:      It decreases your willpower.
 y - a +2 flail of protection
Missiles
 v - a throwing net (quivered)
 B - 24 bolts
Armour
 b - a +0 scale mail
 c - a +0 buckler (worn)
 k - a +2 cloak (worn)
 m - a +1 cloak
 p - the +6 scale mail of the Eagle (worn) {rC+}
   (You found it on level 5 of the Dungeon)

   rC:        It protects you from cold.
Jewellery
 f - a +6 ring of intelligence
 l - a +6 ring of strength (right hand)
 n - a +6 ring of dexterity (left hand)
 r - a ring of see invisible
Wands
 e - a wand of polymorph (9)
 q - a wand of flame (24)
 x - a wand of paralysis (5)
 z - a wand of charming (9)
 E - a wand of iceblast (6)
Scrolls
 h - a scroll of magic mapping
 A - a scroll of teleportation
Potions
 i - 4 potions of curing
 j - 2 potions of mutation
 o - 4 potions of attraction
 w - a potion of degeneration
 C - a potion of ambrosia
 D - 2 potions of cancellation
 F - a potion of resistance


   Skills:
 + Level 7.3 Fighting
 + Level 5.8 Axes
 + Level 4.0 Crossbows
 + Level 7.2 Armour
 + Level 5.4 Dodging
 + Level 7.2 Shields
 + Level 4.8 Spellcasting
 + Level 4.8 Invocations


You had 5 spell levels left.
You knew the following spells:

 Your Spells              Type           Power      Damage    Failure   Level
a - Apportation           Tloc           24%        N/A       9%          1
b - Blink                 Tloc           24%        N/A       13%         2
c - Spider Form           Tmut/Pois      12%        N/A       26%         3
d - Swiftness             Air            12%        N/A       26%         3
e - Lee's Rapid Deconstr  Erth           6%         3d7*      94%         5
Your spell library was empty.

Dungeon Overview and Level Annotations

Branches:
Dungeon (10/15)            Temple (0/1) D:5            Lair (0/6) D:9
    Orc (0/2) D:9          Bailey (1/1)

Altars:
Ashenzari
Cheibriados
Elyvilon
Fedhas
Gozag
Okawaru
Qazlal
Ru
Sif Muna
Trog
Uskayaw
Vehumet
Wu Jian
Yredelemnul
Zin
The Shining One


Innate Abilities, Weirdness & Mutations

You are immune to sickness and miasma.
You are immune to poison.
Your flesh is very heat resistant. (rF++)
You are vulnerable to cold. (rC-)
You float through the air rather than walking.
You learn spells naturally, not from books.
Your magical power is your life essence.
You have superior vitality. (+4 MHP)


Message History

Okay, then.
Okay, then.
Okay, then.
You closely miss the orc knight.
The orc knight hits you but does no damage.
The orc knight hits your hobgoblin zombie with a +0 war axe!
Your hobgoblin zombie is destroyed!
You closely miss the orc knight.
The orc knight hits you but does no damage.
The orc knight closely misses you.
You slash the orc knight! You burn the orc knight.
The orc knight is lightly wounded.
The orc knight completely misses you.
You slash the orc knight! You burn the orc knight.
The orc knight is heavily wounded.
The orc knight hits you with a +0 war axe!
You barely miss the orc knight.
The orc knight is heavily wounded.
The orc knight hits you with a +0 war axe!
* * * LOW HITPOINT WARNING * * *
The orc knight hits you but does no damage.
You barely miss the orc knight.
The orc knight is heavily wounded.
You block the orc knight's attack.
You hit the orc knight but do no damage.
The orc knight is heavily wounded.
The orc knight completely misses you.
Unknown command.
You slash the orc knight! You burn the orc knight.
The orc knight is heavily wounded.
The orc knight hits you with a +0 war axe!
* * * LOW HITPOINT WARNING * * *
You hit the orc knight but do no damage.
The orc knight is heavily wounded.
You block the orc knight's attack. The orc knight completely misses you.
You slash the orc knight! You burn the orc knight.
The orc knight is severely wounded.
The orc knight hits you with a +0 war axe!
You die...
Your body rises from the dead as a mindless zombie.

#.......#
##.......##
#.........#
##.........##
#.....⌠.....#######
##......)..##.....##
#......)..#.......#
##.......##.......##
#......)o@........+
##.....##)........##
#######.....⌠.....#
##..)......##
#.........#
##.......##
#.......# ##.....##
♣♣##'''##♣


You could see an orc knight.

Vanquished Creatures
  2 two-headed ogres
  Pikel (D:8)
  Maggie (D:8)
  An unseen horror (D:7)
  A troll (D:10)
  Grinder (D:3)
  A vampire (D:10)
  2 wraiths
  2 yaks (D:10)
  A wyvern (D:7)
  A steam dragon (D:7)
  A warg (D:9)
  4 water moccasins
  An ice beast (D:7)
  2 black bears
  4 orc warriors
  2 ogres
  A necrophage (D:7)
  4 lemures (D:8)
  A centaur (D:7)
  4 bullfrogs
  2 water moccasin zombies
  A scorpion (D:4)
  A wyvern skeleton (D:7)
  A water moccasin skeleton (D:5)
  5 killer bees (D:9)
  2 jellies (D:7)
  3 centaur zombies
  2 hounds
  6 orc priests
  4 centaur skeletons
  A gnoll shaman (D:6)
  2 bullfrog skeletons
  3 iguanas
  3 orc wizards (D:9)
  Terence (D:3)
  A killer bee zombie (D:8)
  A hound skeleton (D:4)
  5 gnolls
  An adder (D:6)
  A shadow imp (D:8)
  2 white imps
  2 ufetubi
  A worm (D:4)
  2 dart slugs
  33 orcs
  8 endoplasms
  4 giant cockroaches
  13 goblins
  12 hobgoblins
  4 jackals (D:2)
  6 kobolds
  5 quokkas
  5 ball pythons
  3 bats
  5 frilled lizards
  3 rats
192 creatures vanquished.

Vanquished Creatures (collateral kills)
  A yak (D:10)
  A steam dragon (D:9)
  A warg (D:9)
  An acid dragon (D:10)
  A black bear (D:6)
  An ogre (D:6)
  2 centaurs
  A phantom (D:7)
  A bullfrog (D:7)
  A howler monkey (D:7)
  An orc priest (D:3)
  A centaur zombie (D:9)
  An orc wizard (D:8)
  A gnoll (Bailey)
  An ufetubus (D:4)
  5 orcs
  2 kobolds (D:4)
  2 bats
  4 goblins
  An orc zombie (D:9)
  A rat (D:1)
31 creatures vanquished.

Vanquished Creatures (others)
  An acid dragon (D:9)
  A two-headed ogre zombie (D:9)
  2 water moccasin zombies
  A centaur zombie (D:7)
  A bullfrog zombie (D:7)
  An orc wizard (D:8)
  3 killer bee zombies (D:9)
  A necrophage zombie (D:7)
  An ogre zombie (D:7)
  An acid dragon zombie (D:9)
  2 steam dragon zombies
  A worm zombie (D:4)
  A spectral white imp (D:7)
  2 bat zombies (D:3)
  2 gnoll zombies
  A goblin zombie (Bailey)
  2 hobgoblin zombies (Bailey)
  A human zombie (D:3)
  A jackal zombie (D:2)
  A kobold zombie (D:4)
  13 orc zombies
  A plant (D:9)
  A withered plant (D:1)
42 creatures vanquished.

Grand Total: 265 creatures vanquished

Notes
Turn   | Place    | Note
-------+----------+-------------------------------------------
     0 | D:1      | Sin92 the Djinni Fighter began the quest for the Orb.
     0 | D:1      | Reached XP level 1. HP: 20/20 MP: 0/0
   197 | D:1      | Reached XP level 2. HP: 21/25 MP: 0/0
   607 | D:1      | Reached XP level 3. HP: 30/30 MP: 0/0
   607 | D:1      | Learned a level 1 spell: Apportation
   719 | D:1      | Found a faded altar of an unknown god.
   987 | D:1      | Prayed at the altar of an unknown god.
   987 | D:1      | Became a worshipper of Yredelemnul the Dark
   987 | D:1      | Reached * piety under Yredelemnul
  1290 | D:2      | Found a stormy altar of Qazlal.
  1757 | D:2      | Reached ** piety under Yredelemnul
  1873 | D:2      | Reached XP level 4. HP: 35/35 MP: 0/0
  1884 | D:2      | Identified a scroll of acquirement
  1884 | D:2      | Acquired 714 gold pieces
  2440 | D:3      | Found a basalt altar of Yredelemnul.
  2500 | D:3      | Noticed Terence
  2717 | D:3      | Reached skill level 1 in Spellcasting
  2812 | D:3      | Noticed Grinder
  2813 | D:3      | Killed Terence
  2815 | D:3      | Paralysed by Grinder for 5 turns
  2837 | D:3      | Paralysed by Grinder for 7 turns
  2845 | D:3      | Your ally Terence died
  2846 | D:3      | Killed Grinder
  2847 | D:3      | Reached XP level 5. HP: 8/41 MP: 0/0
  2847 | D:3      | Learned a level 2 spell: Blink
  2847 | D:3      | Reached XP level 6. HP: 9/47 MP: 0/0
  3155 | D:3      | Noticed an ogre
  3160 | D:3      | Killed an ogre
  3161 | D:3      | Reached XP level 7. HP: 49/52 MP: 0/0
  3161 | D:3      | Learned a level 3 spell: Spider Form
  4133 | D:4      | You are sucked into a shaft and drop 3 floors!
  4181 | D:7      | Reached XP level 8. HP: 28/58 MP: 0/0
  4405 | D:5      | Entered Level 5 of the Dungeon
  4617 | D:5      | Found a staircase to the Ecumenical Temple.
  4669 | D:5      | Reached skill level 5 in Fighting
  4692 | D:5      | Identified the +6 scale mail of the Eagle {rC+}
  4732 | D:5      | Reached skill level 5 in Shields
  4892 | D:4      | Reached skill level 5 in Armour
  4989 | D:4      | Identified the +9 hand crossbow of the Real Monster {penet,
                  | rPois Will- Str+2 Dex+3}
  5376 | D:5      | Found an opulent altar of Gozag.
  6050 | D:6      | Found a glowing golden altar of the Shining One.
  6155 | D:6      | Reached skill level 1 in Dodging
  6163 | D:6      | Reached skill level 1 in Crossbows
  6229 | D:6      | Reached skill level 1 in Invocations
  6229 | D:6      | Reached XP level 9. HP: 40/65 MP: 0/0
  6229 | D:6      | Learned a level 3 spell: Swiftness
  7375 | D:7      | Found a sacrificial altar of Ru.
  7403 | D:7      | Found an ornate altar of the Wu Jian Council.
  7404 | D:7      | Found a snail-covered altar of Cheibriados.
  7404 | D:7      | Found a bloodstained altar of Trog.
  7404 | D:7      | Found a glowing silver altar of Zin.
  7405 | D:7      | Found a hide-covered altar of Uskayaw.
  7406 | D:7      | Found a broken altar of Ashenzari.
  7409 | D:7      | Found a white marble altar of Elyvilon.
  7964 | D:7      | Noticed a two-headed ogre
  7984 | D:7      | Killed a two-headed ogre
  7985 | D:7      | Reached XP level 10. HP: 60/73 MP: 0/0
  7996 | D:7      | Reached skill level 5 in Axes
  8007 | D:7      | Killed an unseen horror
  8297 | D:7      | Found an iron altar of Okawaru.
  8732 | D:8      | Noticed Maggie
  8741 | D:8      | Killed Maggie
  8870 | D:8      | Noticed Pikel
  8891 | D:8      | Killed Pikel
  9483 | D:9      | Found a staircase to the Orcish Mines.
  9534 | D:9      | Noticed a two-headed ogre
  9549 | D:9      | Killed a two-headed ogre
  9550 | D:9      | Reached XP level 11. HP: 23/79 MP: 0/0
  9550 | D:9      | Learned a level 5 spell: Lee's Rapid Deconstruction
 10034 | D:9      | Reached *** piety under Yredelemnul
 10091 | D:9      | Reached skill level 5 in Dodging
 10144 | D:9      | Found a staircase to the Lair.
 10806 | D:10     | Entered Level 10 of the Dungeon
 10956 | D:10     | Found a blossoming altar of Fedhas.
 11014 | D:10     | Found a flagged portal.
 11033 | Bailey   | Entered a bailey
 11510 | Bailey   | Noticed an orc knight
 11562 | Bailey   | Mangled by an orc knight

Illustrated notes

Levels and vault maps discovered:
D:1:      matt_arrival_grand_opening, layout_loops_ring,
          ebering_ecumenical_altar_petrified
D:2:      layout_basic, basic_altar
D:3:      layout_basic, mainiacjoe_overflow_paths,
          nicolae_sif_muna_little_library, serial_curves, eino_curves_03,
          eino_curves_02, uniq_grinder, uniq_terence
D:4:      layout_loops_ring
D:5:      layout_basic, old_standard_altar,
          minmay_temple_entry_statues_fountains
D:6:      layout_loops_ring, tso_metal_star, kennysheep_generic_room_9
D:7:      minmay_chambers_of_sevens, layout_basic, minitemple,
          lemuel_round_altar, serial_park_tiny_2
D:8:      layout_layer_cave, uniq_pikel, uniq_maggie
D:9:      layout_roguey, erik_lair_orcish_takeover, minivault_22,
          nicolae_underground_beach
D:10:     layout_cave_pools, fedhas_altar_3, enter_bailey_3
Bailey:   bailey_axe_minmay_hex_keep, bailey

Skill      XL: |  1  2  3  4  5  6  7  8  9 10 11 |
---------------+----------------------------------+-----
Axes           | 2 3 4 5 |  5.8
Spellcasting   | 1 2 3 4 |  4.8
Fighting       | 4 5 6 7 |  7.3
Armour         | 4 5 6 7 |  7.2
Shields        | 4 5 6 7 |  7.2
Dodging        | 1 3 4 5 |  5.4
Crossbows      | 1 2 3 4 |  4.0
Invocations    | 1 3 4 |  4.8

Action                   |  1- 3 |  4- 6 |  7- 9 | 10-12 || total
-------------------------+-------+-------+-------+-------++-------
Melee: War axe           |   126 |    54 |   136 |   191 ||   507
       Hand axe          |       |       |   193 |    62 ||   255
 Fire: Hand crossbow     |       |       |       |     9 ||     9
Invok: Dark Bargain      |       |       |       |     1 ||     1
  Use: Scroll            |       |     7 |     5 |     8 ||    20
       Potion            |       |     1 |     4 |     1 ||     6
 Stab: Distracted        |     1 |       |     1 |       ||     2
       Invisible         |       |     1 |       |       ||     1
Armor: Scale mail        |    63 |    18 |   195 |   173 ||   449
       Skin              |       |     7 |       |       ||     7
Dodge: Dodged            |    60 |    24 |   200 |   180 ||   464
Block: Buckler           |    26 |    13 |   105 |    90 ||   234
